| TOP OF THE 1ST |
|
Winston-Salem Spirits batting - Pitching for Kinston Eagles : RHP Johnny Abrego
|
|
Pitching: RHP Johnny Abrego
|
|
|
Batting: SHB Mark Wiesler
|
0-0: Foul Ball, location: 2F 0-1: Ball 1-1: Foul Ball, location: 2F 1-2: Ground out 5-3 (Groundball, 56S, EV 86.9 MPH)
|
|
Batting: RHB Greg Griffin
|
0-0: Swinging Strike 0-1: Called Strike 0-2: SINGLE (Groundball, 56D, EV 95.6 MPH)
|
|
Batting: RHB Oscar Mejia
|
0-0: Ball 1-0: Ball 2-0: Grounds into double play, 6-4-3 (Groundball, 6, EV 84.4 MPH)
|
| Top of the 1st over - 0 runs, 1 hit, 0 errors, 0 left on base; Winston-Salem 0 - Kinston 0 |
| BOTTOM OF THE 1ST |
|
Kinston Eagles batting - Pitching for Winston-Salem Spirits : LHP Fernando Gonzales
|
|
Pitching: LHP Fernando Gonzales
|
|
|
Batting: SHB Ted Wilborn
|
0-0: Swinging Strike 0-1: Ground out 6-3 (Groundball, 6, EV 104.4 MPH)
|
|
Batting: RHB Brad Wellman
|
0-0: Ball 1-0: Called Strike 1-1: SINGLE (Groundball, 6MS, EV 69.4 MPH) (infield hit)
|
|
Batting: RHB Wil Culmer
|
0-0: Ball Brad Wellman steals 2nd base 1-0: Foul Ball, location: 2F 1-1: SINGLE (Groundball, 23, EV 70.6 MPH) (infield hit) Brad Wellman to third
|
|
Batting: RHB Dave Hogg
|
0-0: Ball 1-0: Foul Ball, location: 2F 1-1: Foul Ball, location: 2F 1-2: Foul Ball, location: 2F 1-2: SINGLE (Groundball, 6MD, EV 96.3 MPH) Brad Wellman scores Wil Culmer to second
|
|
Batting: RHB Juan Perez
|
0-0: Ground out 4-3 (Groundball, 4S, EV 73.1 MPH) Wil Culmer to third Dave Hogg to second
|
|
Batting: LHB Eric Peyton
|
0-0: Ball 1-0: Ball 2-0: Fly out, F8 (Flyball, 8RS, EV 88.8 MPH)
|
| Bottom of the 1st over - 1 run, 3 hits, 0 errors, 2 left on base; Winston-Salem 0 - Kinston 1 |
| TOP OF THE 2ND |
|
Winston-Salem Spirits batting - Pitching for Kinston Eagles : RHP Johnny Abrego
|
|
Batting: LHB Michael Ward
|
0-0: Swinging Strike 0-1: Ball 1-1: Ball 2-1: Swinging Strike 2-2: Ball 3-2: Foul Ball, location: 2F 3-2: Fly out, F8 (Flyball, 8LM, EV 88.8 MPH)
|
|
Batting: RHB Elijah Ben
|
0-0: Ball 1-0: Called Strike 1-1: Foul Ball, location: 2F 1-2: Strikes out swinging
|
|
Batting: RHB Larry Reasonover
|
0-0: Foul Ball, location: 2F 0-1: Called Strike 0-2: Ball 1-2: Foul Ball, location: 2F 1-2: Strikes out swinging, 2-3 out at first.
|
| Top of the 2nd over - 0 runs, 0 hits, 0 errors, 0 left on base; Winston-Salem 0 - Kinston 1 |
| BOTTOM OF THE 2ND |
|
Kinston Eagles batting - Pitching for Winston-Salem Spirits : LHP Fernando Gonzales
|
|
Batting: RHB Igor Roosendaal
|
0-0: Foul Ball, location: 2F 0-1: Ball 1-1: Ground out 5-3 (Groundball, 56, EV 84.4 MPH)
|
|
Batting: RHB Butch Davis
|
0-0: Called Strike 0-1: Ball 1-1: Foul Ball, location: 2F 1-2: Fly out, F9 (Flyball, 89S, EV 95.0 MPH)
|
|
Batting: RHB Guadalupe Garcia
|
0-0: Ball 1-0: Ball 2-0: Foul Ball, location: 2F 2-1: Ball 3-1: Foul Ball, location: 2F 3-2: Fly out, F8 (Line Drive, 8RD, EV 85.0 MPH)
|
| Bottom of the 2nd over - 0 runs, 0 hits, 0 errors, 0 left on base; Winston-Salem 0 - Kinston 1 |
| TOP OF THE 3RD |
|
Winston-Salem Spirits batting - Pitching for Kinston Eagles : RHP Johnny Abrego
|
|
Batting: RHB Buddy Bailey
|
0-0: Ball 1-0: Fly out, F9 (Flyball, 89D, EV 99.4 MPH)
|
|
Batting: RHB Ell Roberson
|
0-0: Swinging Strike 0-1: Ground out 1-3 (Groundball, 23, EV 63.8 MPH)
|
|
Batting: RHB Venson Davis
|
0-0: Ball 1-0: Swinging Strike 1-1: Called Strike 1-2: Foul Ball, location: 2F 1-2: Strikes out looking
|
| Top of the 3rd over - 0 runs, 0 hits, 0 errors, 0 left on base; Winston-Salem 0 - Kinston 1 |
| BOTTOM OF THE 3RD |
|
Kinston Eagles batting - Pitching for Winston-Salem Spirits : LHP Fernando Gonzales
|
|
Batting: SHB Ted Wilborn
|
0-0: Ball 1-0: Ball 2-0: Foul Ball, location: 2F 2-1: Foul Ball, location: 2F 2-2: Fly out, F5 (Popup, 56S, EV 75.6 MPH)
|
|
Batting: RHB Brad Wellman
|
0-0: Ball 1-0: Ball 2-0: Called Strike 2-1: Foul Ball, location: 2F 2-2: Fly out, F4 (Popup, 4M, EV 75.0 MPH)
|
|
Batting: RHB Wil Culmer
|
0-0: Fly out, F7 (Flyball, 7D, EV 93.1 MPH)
|
| Bottom of the 3rd over - 0 runs, 0 hits, 0 errors, 0 left on base; Winston-Salem 0 - Kinston 1 |
| TOP OF THE 4TH |
|
Winston-Salem Spirits batting - Pitching for Kinston Eagles : RHP Johnny Abrego
|
|
Batting: SHB Mark Wiesler
|
0-0: Ball 1-0: Called Strike 1-1: Swinging Strike 1-2: Foul Ball, location: 2F 1-2: Strikes out swinging
|
|
Batting: RHB Greg Griffin
|
0-0: Ground out 4-3 (Groundball, 4M, EV 84.4 MPH)
|
|
Batting: RHB Oscar Mejia
|
0-0: Ground out 6-3 (Groundball, 6, EV 103.1 MPH)
|
| Top of the 4th over - 0 runs, 0 hits, 0 errors, 0 left on base; Winston-Salem 0 - Kinston 1 |
| BOTTOM OF THE 4TH |
|
Kinston Eagles batting - Pitching for Winston-Salem Spirits : LHP Fernando Gonzales
|
|
Batting: RHB Dave Hogg
|
0-0: Called Strike 0-1: Ball 1-1: Ball 2-1: Ground out 6-3 (Groundball, 6, EV 111.3 MPH)
|
|
Batting: RHB Juan Perez
|
0-0: Ball 1-0: Foul Ball, location: 2F 1-1: Ball 2-1: Swinging Strike 2-2: Strikes out swinging
|
|
Batting: LHB Eric Peyton
|
0-0: Ball 1-0: Called Strike 1-1: Reached on error, E3 (Groundball, 34, EV 107.5 MPH)
|
|
Batting: RHB Igor Roosendaal
|
0-0: Ball 1-0: Foul Ball, location: 2F 1-1: Ball 2-1: Ball 3-1: SINGLE (Line Drive, 8LS, EV 105.0 MPH) Eric Peyton to second Runner from 2nd tries for 3rd, SAFE, throw by LF made to third
|
|
Batting: RHB Butch Davis
|
0-0: Fly out, F6 (Flyball, 56D, EV 84.4 MPH)
|
| Bottom of the 4th over - 0 runs, 1 hit, 1 error, 2 left on base; Winston-Salem 0 - Kinston 1 |
| TOP OF THE 5TH |
|
Winston-Salem Spirits batting - Pitching for Kinston Eagles : RHP Johnny Abrego
|
|
Batting: LHB Michael Ward
|
0-0: Foul Ball, location: 2F 0-1: Called Strike 0-2: Strikes out swinging
|
|
Batting: RHB Elijah Ben
|
0-0: Ground out 6-3 (Groundball, 6, EV 90.6 MPH)
|
|
Batting: RHB Larry Reasonover
|
0-0: Ball 1-0: SOLO HOME RUN (Flyball, 7D, EV 92.5 MPH), Distance : 370 ft
|
|
Batting: RHB Buddy Bailey
|
0-0: Called Strike 0-1: Foul Ball, location: 2F 0-2: Foul Ball, location: 2F 0-2: Foul Ball, location: 2F 0-2: Fly out, F9 (Flyball, 9, EV 90.0 MPH)
|
| Top of the 5th over - 1 run, 1 hit, 0 errors, 0 left on base; Winston-Salem 1 - Kinston 1 |
| BOTTOM OF THE 5TH |
|
Kinston Eagles batting - Pitching for Winston-Salem Spirits : LHP Fernando Gonzales
|
|
Batting: RHB Guadalupe Garcia
|
0-0: Ground out 4-3 (Groundball, 4, EV 105.0 MPH)
|
|
Batting: SHB Ted Wilborn
|
0-0: Called Strike 0-1: Foul Ball, location: 2F 0-2: Foul Ball, location: 2F 0-2: Ball 1-2: Strikes out swinging
|
|
Batting: RHB Brad Wellman
|
0-0: Ball 1-0: Fly out, F6 (Line Drive, 6, EV 69.4 MPH)
|
| Bottom of the 5th over - 0 runs, 0 hits, 0 errors, 0 left on base; Winston-Salem 1 - Kinston 1 |
| TOP OF THE 6TH |
|
Winston-Salem Spirits batting - Pitching for Kinston Eagles : RHP Johnny Abrego
|
|
Batting: RHB Ell Roberson
|
0-0: Ball 1-0: Called Strike 1-1: Foul Ball, location: 2F 1-2: Ball 2-2: Ball 3-2: Base on Balls
|
|
Batting: RHB Venson Davis
|
0-0: Ball 1-0: Swinging Strike 1-1: Ball 2-1: Fly out, F9 (Flyball, 89D, EV 83.1 MPH)
|
|
Batting: SHB Mark Wiesler
|
0-0: Ball 1-0: Ball 2-0: Fly out, F4 (Popup, 34, EV 78.1 MPH)
|
|
Batting: RHB Greg Griffin
|
0-0: Ball 1-0: Fielders Choice at 2nd, 5-4 (Groundball, 56, EV 91.3 MPH)
|
| Top of the 6th over - 0 runs, 0 hits, 0 errors, 1 left on base; Winston-Salem 1 - Kinston 1 |
| BOTTOM OF THE 6TH |
|
Kinston Eagles batting - Pitching for Winston-Salem Spirits : LHP Fernando Gonzales
|
|
Batting: RHB Wil Culmer
|
0-0: Ball 1-0: Fly out, F8 (Flyball, 78XD, EV 104.4 MPH)
|
|
Batting: RHB Dave Hogg
|
0-0: Ball 1-0: Ground out 6-3 (Groundball, 6, EV 104.4 MPH)
|
|
Batting: RHB Juan Perez
|
0-0: Called Strike 0-1: Fly out, F6 (Popup, 6MS, EV 58.1 MPH)
|
| Bottom of the 6th over - 0 runs, 0 hits, 0 errors, 0 left on base; Winston-Salem 1 - Kinston 1 |
| TOP OF THE 7TH |
|
Winston-Salem Spirits batting - Pitching for Kinston Eagles : RHP Johnny Abrego
|
|
Batting: RHB Oscar Mejia
|
0-0: Ball 1-0: Swinging Strike 1-1: Ball 2-1: Ground out 5-3 (Groundball, 56, EV 76.3 MPH)
|
|
Batting: LHB Michael Ward
|
0-0: Called Strike 0-1: Fly out, F7 (Flyball, 7D, EV 98.8 MPH)
|
|
Batting: RHB Elijah Ben
|
0-0: Ball 1-0: Called Strike 1-1: Ball 2-1: Swinging Strike 2-2: Strikes out swinging
|
| Top of the 7th over - 0 runs, 0 hits, 0 errors, 0 left on base; Winston-Salem 1 - Kinston 1 |
| BOTTOM OF THE 7TH |
|
Kinston Eagles batting - Pitching for Winston-Salem Spirits : LHP Fernando Gonzales
|
|
Batting: LHB Eric Peyton
|
0-0: Swinging Strike 0-1: Foul Ball, location: 2F 0-2: Strikes out swinging
|
|
Batting: RHB Igor Roosendaal
|
0-0: Ball 1-0: Called Strike 1-1: SINGLE (Flyball, 4MD, EV 86.9 MPH)
|
|
Batting: RHB Butch Davis
|
0-0: Ball Igor Roosendaal is caught stealing 2nd base 2-4 1-0: Ball 2-0: Ball 3-0: Base on Balls
|
|
Batting: RHB Guadalupe Garcia
|
0-0: Called Strike 0-1: Ball 1-1: Fly out, F7 (Flyball, 7D, EV 87.5 MPH)
|
| Bottom of the 7th over - 0 runs, 1 hit, 0 errors, 1 left on base; Winston-Salem 1 - Kinston 1 |
| TOP OF THE 8TH |
|
Winston-Salem Spirits batting - Pitching for Kinston Eagles : RHP Johnny Abrego
|
|
Batting: RHB Larry Reasonover
|
0-0: Called Strike 0-1: Ball 1-1: Ground out 3-1 (Groundball, 34, EV 98.1 MPH)
|
|
Batting: RHB Buddy Bailey
|
0-0: Fly out, F7 (Flyball, 7, EV 87.5 MPH)
|
|
Batting: RHB Ell Roberson
|
0-0: Ball 1-0: Ball 2-0: Ball 3-0: Base on Balls
|
|
Batting: RHB Venson Davis
|
0-0: Ball 1-0: Called Strike 1-1: Called Strike Ell Roberson steals 2nd base 1-2: Foul Ball, location: 2F 1-2: Foul Ball, location: 2F 1-2: Ball 2-2: Foul Ball, location: 2F 2-2: Foul Ball, location: 2F 2-2: Ball 3-2: Base on Balls
|
|
Batting: SHB Mark Wiesler
|
0-0: Ball 1-0: Foul Ball, location: 2F 1-1: Fly out, F9 (Flyball, 9, EV 81.9 MPH)
|
| Top of the 8th over - 0 runs, 0 hits, 0 errors, 2 left on base; Winston-Salem 1 - Kinston 1 |
| BOTTOM OF THE 8TH |
|
Kinston Eagles batting - Pitching for Winston-Salem Spirits : LHP Fernando Gonzales
|
|
Batting: SHB Ted Wilborn
|
0-0: Ball 1-0: Ball 2-0: Foul Ball, location: 2F 2-1: Ball 3-1: DOUBLE (Flyball, 78XD, EV 101.9 MPH)
|
|
Batting: RHB Brad Wellman
|
0-0: Ball 1-0: Ground out 5-3 (Groundball, 56, EV 89.4 MPH)
|
|
Batting: RHB Wil Culmer
|
0-0: Ball Ted Wilborn steals 3rd base 1-0: Called Strike 1-1: Called Strike 1-2: Fly out, F9 (Flyball, 9D, EV 99.4 MPH)
|
|
Batting: RHB Dave Hogg
|
0-0: Ball 1-0: Ball 2-0: Ball Passed Ball! Ted Wilborn scores 3-0: Base on Balls
|
|
Batting: RHB Juan Perez
|
0-0: Ball 1-0: Ball 2-0: Foul Ball, location: 2F 2-1: DOUBLE (Flyball, 8RXD, EV 100.6 MPH) Dave Hogg to third Runner from 3rd tries for Home, SAFE, no throw by CF
|
|
Batting: LHB Eric Peyton
|
0-0: Called Strike 0-1: Swinging Strike 0-2: Foul Ball, location: 2F 0-2: Ball 1-2: Foul Ball, location: 2F 1-2: Strikes out swinging
|
| Bottom of the 8th over - 2 runs, 2 hits, 0 errors, 1 left on base; Winston-Salem 1 - Kinston 3 |
| TOP OF THE 9TH |
|
Winston-Salem Spirits batting - Pitching for Kinston Eagles : RHP Johnny Abrego
|
|
Pitching: RHP Marvin Adams
|
|
|
Batting: RHB Greg Griffin
|
0-0: Swinging Strike 0-1: Ball 1-1: SINGLE (Groundball, 5D, EV 100.0 MPH)
|
|
Batting: RHB Oscar Mejia
|
0-0: Ball 1-0: Swinging Strike 1-1: Called Strike 1-2: Ball 2-2: Ball 3-2: Base on Balls Greg Griffin to second
|
|
Batting: LHB Michael Ward
|
0-0: Called Strike 0-1: Reached on error, E4 (Groundball, 4, EV 101.9 MPH) Greg Griffin to third Oscar Mejia to second
|
|
Batting: RHB Elijah Ben
|
0-0: Swinging Strike 0-1: Ball 1-1: Swinging Strike 1-2: GRAND SLAM HOME RUN (Flyball, 7LD, EV 105.0 MPH), Distance : 371 ft
|
|
Pitching: RHP Tommy Alexander
|
|
|
Batting: RHB Larry Reasonover
|
0-0: Ball 1-0: Ball 2-0: Ball 3-0: Called Strike 3-1: Swinging Strike 3-2: Ground out 4-3 (Groundball, 4MD, EV 103.1 MPH)
|
|
Batting: RHB Buddy Bailey
|
0-0: Called Strike 0-1: Called Strike 0-2: Ball 1-2: Foul Ball, location: 2F 1-2: Ball 2-2: Strikes out swinging
|
|
Batting: RHB Ell Roberson
|
0-0: Foul Ball, location: 2F 0-1: Ball 1-1: Foul Ball, location: 2F 1-2: SINGLE (Line Drive, 9S, EV 110.0 MPH)
|
|
Batting: RHB Venson Davis
|
0-0: Ball Ell Roberson steals 2nd base 1-0: Ball 2-0: Foul Ball, location: 2F 2-1: Ground out 3-1 (Groundball, 34, EV 100.6 MPH)
|
| Top of the 9th over - 4 runs, 3 hits, 1 error, 1 left on base; Winston-Salem 5 - Kinston 3 |
| BOTTOM OF THE 9TH |
|
Kinston Eagles batting - Pitching for Winston-Salem Spirits : LHP Fernando Gonzales
|
|
Pitching: RHP Rusty Shelton
|
|
|
Batting: RHB Igor Roosendaal
|
0-0: Swinging Strike 0-1: Ball 1-1: Ball 2-1: Ball 3-1: Base on Balls
|
|
Batting: LHB Monte McAbee
|
0-0: Ball 1-0: Ball 2-0: Called Strike 2-1: SINGLE (Groundball, 6MD, EV 105.6 MPH) Igor Roosendaal to second
|
|
Batting: RHB Guadalupe Garcia
|
0-0: Sac Bunt to P - play at first, batter OUT! 1-3 Igor Roosendaal to third Monte McAbee to second
|
|
Batting: SHB Ted Wilborn
|
0-0: Foul Ball, location: 2F 0-1: Ground out 2-3 (Groundball, 15S, EV 61.3 MPH)
|
|
Batting: RHB Brad Wellman
|
0-0: Called Strike 0-1: Foul Ball, location: 2F 0-2: Ball 1-2: Ball 2-2: Ground out 5-3 (Groundball, 56S, EV 87.5 MPH)
|
| Bottom of the 9th over - 0 runs, 1 hit, 0 errors, 2 left on base; Winston-Salem 5 - Kinston 3 |
|